 Dungeon Crawl Stone Soup version 0.23-a0-171-g5ae17c6 (webtiles) character file.

9757 Mermaid the Cleaver (level 11, -3/88 HPs)
             Began as a Demonspawn Fighter on Sept 15, 2018.
             Was an Elder of Makhleb.
             Slain by a tentacled monstrosity (10 damage)
             ... on level 3 of the Abyss.
             The game lasted 00:11:48 (7168 turns).

Mermaid the Cleaver (Demonspawn Fighter)            Turns: 7168, Time: 00:11:49

Health: -3/88      AC: 13    Str: 17    XL:     11   Next: 27%
Magic:  0/16       EV:  7    Int: 10    God:    Makhleb [****..]
Gold:   92         SH: 10    Dex: 15    Spells: 10/10 levels left

rFire    + . .     SeeInvis .   w - +4 hand axe (flame)
rCold    + + .     Gourm    .   c - +0 shield
rNeg     . . .     Faith    .   s - +2 chain mail {rC+}
rPois    .         Spirit   +   h - +1 hat
rElec    .         Reflect  .   y - scarf {cloud immunity}
rCorr    .         Harm     .   (no gloves)
MR       .....                  (no boots)
Stlth    ..........             i - amulet of regeneration
HPRegen  0.64/turn              m - ring of protection from cold
MPRegen  0.30/turn              (no ring)

@: very slow
A: horns 2, fire resistance 1, robust 1, magic shield, magic regeneration, flame
cloud immunity, sturdy frame 1
a: Minor Destruction, Lesser Servant of Makhleb, Major Destruction, Renounce
Religion


You were on level 3 of the Abyss.
You worshipped Makhleb.
Makhleb was greatly pleased with you.
You were not hungry.

You visited 2 branches of the dungeon, and saw 11 of its levels.
You visited the Abyss 1 time.

You collected 471 gold pieces.
You spent 379 gold pieces at shops.

Inventory:

Hand Weapons
 l - a +0 war axe of freezing
 o - a +5 club
 w - a +4 hand axe of flaming (weapon)
Missiles
 z - 2 throwing nets (quivered)
Armour
 b - a +0 scale mail
 c - a +0 shield (worn)
 h - a +1 hat (worn)
 q - a +0 chain mail
 s - a +2 chain mail of cold resistance (worn)
 y - a scarf of cloud immunity (worn)
Jewellery
 i - an amulet of regeneration (around neck)
 m - a ring of protection from cold (left hand)
Wands
 a - a wand of flame (19)
 d - a wand of random effects (30)
 n - a wand of polymorph (25)
 t - a wand of enslavement (29)
Scrolls
 e - 9 scrolls of identify
 g - 11 scrolls of remove curse
 j - 6 scrolls of magic mapping
 p - 4 scrolls of teleportation
 v - 2 scrolls of noise
 x - 3 scrolls of blinking
 B - a scroll of fog
Potions
 r - a potion of resistance
 u - a potion of flight
 A - a potion of magic
 E - a potion of ambrosia
Comestibles
 f - 20 rations


   Skills:
 + Level 5.5 Fighting
 * Level 10.8 Axes
 + Level 6.6 Armour
 + Level 3.0 Dodging
 + Level 2.8 Stealth
 + Level 5.3 Shields
 * Level 7.2 Invocations
 * Level 6.0 Evocations


You had 10 spell levels left.
You didn't know any spells.
Your spell library contained the following spells:

 Spells                   Type           Power        Failure   Level  Hunger
 Confusing Touch          Hex            #.....       100%        1    ##.....
 Shock                    Conj/Air       #...         100%        1    ##.....
 Summon Small Mammal      Summ           #...         100%        1    ##.....
 Call Imp                 Summ           #.......     100%        2    ###....
 Swiftness                Chrm/Air       #.......     100%        2    ###....
 Call Canine Familiar     Summ           #.......     100%        3    ####...
 Confuse                  Hex            #.......     100%        3    ####...
 Gell's Gravitas          Tloc           #.........   100%        3    ####...
 Static Discharge         Conj/Air       #.......     100%        3    ####...
 Summon Guardian Golem    Hex/Summ       #.......     100%        3    ####...
 Airstrike                Air            #.........   100%        4    #####..
 Petrify                  Tmut/Erth      #.......     100%        4    #####..
 Summon Ice Beast         Ice/Summ       #.......     100%        4    #####..
 Summon Lightning Spire   Summ/Air       #.......     100%        4    #####..
 Lightning Bolt           Conj/Air       #.........   100%        5    ######.
 Metabolic Englaciation   Hex/Ice        #.........   100%        5    ######.
 Yara's Violent Unravell  Hex/Tmut       #.........   100%        5    ######.


Dungeon Overview and Level Annotations

Branches:
Dungeon (10/15)            Temple (1/1) D:4            Lair (0/6) D:8
    Orc (0/2) D:9

Altars:
Ashenzari
Cheibriados
Dithmenos
Elyvilon
Fedhas
Gozag
Hepliaklqana
Kikubaaqudgha
Makhleb
Nemelex Xobeh
Okawaru
Qazlal
Ru
Sif Muna
Trog
Uskayaw
Vehumet
Wu Jian
Xom
Yredelemnul
Zin
The Shining One

Shops:
D:5 ?   D:6 (   D:9 ?*


Innate Abilities, Weirdness & Mutations

You have a pair of horns on your head.
Your flesh is heat resistant. (rF+)
You are robust. (+10% HP)
When hurt, damage is shared between your health and your magic reserves.
You regenerate magic rapidly.
You are immune to clouds of flame.
Your movements are slightly less encumbered by armour. (ER -2)


Message History

The grasping roots grab you! The grasping roots constrict you!
Tentacles burst out of the water! 4 tentacles come into view.
You hit the apocalypse crab but do no damage.
You headbutt the apocalypse crab, but do no damage.
You hit the shambling mangrove but do no damage.
You hit the tentacled monstrosity but do no damage.
The shambling mangrove hits you!! The grasping roots constrict you!
The apocalypse crab bites you! Space bends around you.
The apocalypse crab claws you but does no damage.
The tentacled monstrosity tentacle-slaps you but does no damage.
The tentacled monstrosity tentacle-slaps you!
* * * LOW HITPOINT WARNING * * *
The tentacled monstrosity tentacle-slaps you but does no damage.
The tentacle moves out of view.
You escape the roots' grasp.
The tentacle slaps you!
* * * LOW HITPOINT WARNING * * *
You block the tentacled monstrosity's attack.
The tentacled monstrosity tentacle-slaps you!
You die...

#### ### #
##≈≈# #..#≈#.
#≈t≈##...≈≈≈.
#≈X≈#....≈≈≈.
#@w≈≈≈≈≈w≈≈≈.
#wXf≈≈≈≈≈X≈≈≈∩
##≈t≈≈≈≈≈w≈≈≈.
#≈≈≈#....≈≈≈.
#≈≈≈##...≈≈≈.
##≈≈# #..#≈#.
#### ###t#


You could see a kraken, 2 tentacled monstrosities, a shambling mangrove, 2
apocalypse crabs and 4 tentacles.

Vanquished Creatures
  2 centaur warriors (D:9)
  2 two-headed ogres (D:9)
  A slime creature (D:8)
  Joseph (D:7)
  A komodo dragon (D:8)
  An orc warrior (D:9)
  Prince Ribbit (D:6)
  2 hornets
  Sigmund (D:6)
  A spriggan (D:9)
  Eustachio (D:4)
  6 yaks (D:8)
  A hungry ghost (D:9)
  Menkaure (D:5)
  2 sky beasts
  2 ice beasts (D:8)
  A phantom (D:6)
  2 black bears (D:9)
  A slave (D:9)
  5 ogres
  4 centaurs
  Blork the orc (D:6)
  4 bullfrogs
  A wyvern skeleton (D:9)
  5 scorpions
  4 wights (D:6)
  The ghost of IndigoWizard the Gusty, a weakling HuAE (D:3)
  5 crimson imps
  2 howler monkeys
  2 hounds (D:9)
  3 jellies
  A centaur skeleton (D:9)
  6 orc priests
  A bullfrog skeleton (D:7)
  Jessica (D:1)
  2 iguanas
  10 orc wizards
  3 worker ants
  2 hound zombies
  2 hound skeletons
  Robin (D:1)
  2 howler monkey skeletons
  A worker ant zombie (D:6)
  3 gnolls (D:3)
  7 adders
  2 shadow imps
  2 oozes
  3 adder skeletons
  2 worms
  8 leopard geckos
  37 orcs
  9 bats
  6 giant cockroaches
  14 goblins
  16 hobgoblins
  6 jackals
  6 quokkas
  7 frilled lizards
  9 kobolds
  8 rats
  3 plants (D:8)
247 creatures vanquished.

Vanquished Creatures (collateral kills)
  Pikel (D:9)
  2 slaves (D:9)
  An orc priest (D:9)
4 creatures vanquished.

Vanquished Creatures (others)
  An orc (D:9)
1 creature vanquished.

Grand Total: 252 creatures vanquished

Notes
Turn   | Place    | Note
-------+----------+-------------------------------------------
     0 | D:1      | Mermaid the Demonspawn Fighter began the quest for the Orb.
     0 | D:1      | Reached XP level 1. HP: 18/18 MP: 1/1
   165 | D:1      | Reached skill level 2 in Axes
   165 | D:1      | Gained mutation: Your flesh is heat resistant. (rF+)
                  | [demonic ancestry]
   165 | D:1      | Reached XP level 2. HP: 24/24 MP: 2/2
   337 | D:1      | Reached XP level 3. HP: 13/29 MP: 3/3
   756 | D:2      | Noticed Robin
   756 | D:2      | Noticed Jessica
   770 | D:1      | Killed Jessica
   770 | D:1      | Reached skill level 3 in Axes
   770 | D:1      | Gained mutation: When hurt, damage is shared between your
                  | health and your magic reserves. [demonic ancestry]
   770 | D:1      | Reached XP level 4. HP: 11/35 MP: 4/4
   771 | D:1      | Killed Robin
  1047 | D:2      | Gained mutation: You are immune to clouds of flame.
                  | [demonic ancestry]
  1047 | D:2      | Reached XP level 5. HP: 41/41 MP: 3/5
  1545 | D:3      | Reached skill level 4 in Axes
  1738 | D:3      | Found a runed gate.
  1738 | D:3      | Found a runed gate.
  1738 | D:3      | Found a runed gate.
  1756 | D:3      | Reached skill level 1 in Dodging
  1794 | D:3      | Noticed IndigoWizard's ghost (weakling HuAE)
  1804 | D:3      | Killed IndigoWizard's ghost
  1804 | D:3      | Gained mutation: You have a pair of small horns on your
                  | head. [demonic ancestry]
  1804 | D:3      | Reached XP level 6. HP: 47/47 MP: 6/6
  2064 | D:4      | Found an opulent altar of Gozag.
  2097 | D:4      | Noticed Eustachio
  2141 | D:4      | Killed Eustachio
  2141 | D:4      | Reached skill level 1 in Evocations
  2237 | D:4      | Reached skill level 5 in Axes
  2256 | D:4      | Found a sparkling altar of Nemelex Xobeh.
  2259 | D:4      | Noticed a sky beast
  2294 | D:4      | HP: 2/48 [something (4)]
  2301 | D:4      | Killed a sky beast
  2301 | D:4      | Reached XP level 7. HP: 6/53 MP: 1/8
  2527 | D:4      | Found a staircase to the Ecumenical Temple.
  2644 | Temple   | Entered the Ecumenical Temple
  2751 | Temple   | Became a worshipper of Makhleb the Destroyer
  3187 | D:5      | Entered Level 5 of the Dungeon
  3239 | D:5      | Found Zimaip's Magic Scroll Emporium.
  3247 | D:5      | Bought a scroll of remove curse for 30 gold pieces
  3247 | D:5      | Bought a scroll of identify for 20 gold pieces
  3247 | D:5      | Bought a scroll of teleportation for 30 gold pieces
  3247 | D:5      | Bought a scroll of magic mapping for 35 gold pieces
  3366 | D:5      | Noticed Menkaure
  3371 | D:5      | Killed Menkaure
  3371 | D:5      | Reached skill level 6 in Axes
  3371 | D:5      | Reached skill level 1 in Invocations
  3533 | D:5      | Reached * piety under Makhleb
  3533 | D:5      | Gained mutation: Your movements are slightly less
                  | encumbered by armour. (ER -2) [demonic ancestry]
  3533 | D:5      | Reached XP level 8. HP: 60/60 MP: 9/9
  3573 | D:5      | Found a blossoming altar of Fedhas.
  3993 | D:6      | Reached skill level 7 in Axes
  4034 | D:6      | Noticed Sigmund
  4044 | D:6      | Killed Sigmund
  4082 | D:6      | Noticed Blork the orc
  4091 | D:6      | Killed Blork the orc
  4111 | D:6      | Found Vuteomi's Antique Weapon Boutique.
  4119 | D:6      | Bought a glowing hand axe for 132 gold pieces
  4211 | D:6      | Reached skill level 5 in Armour
  4233 | D:6      | Reached skill level 1 in Stealth
  4233 | D:6      | Gained mutation: You regenerate magic rapidly. [demonic
                  | ancestry]
  4233 | D:6      | Reached XP level 9. HP: 31/65 MP: 5/11
  4272 | D:6      | Noticed Prince Ribbit
  4342 | D:6      | Killed Prince Ribbit
  4694 | D:7      | Reached ** piety under Makhleb
  4694 | D:7      | Reached skill level 8 in Axes
  5128 | D:7      | Noticed Joseph
  5158 | D:7      | Killed Joseph
  5312 | D:8      | Found a staircase to the Lair.
  5312 | D:8      | Noticed a komodo dragon
  5326 | D:8      | Killed a komodo dragon
  5527 | D:8      | Reached skill level 9 in Axes
  5531 | D:8      | Reached skill level 5 in Invocations
  5533 | D:8      | Gained mutation: You have a pair of horns on your head.
                  | [demonic ancestry]
  5533 | D:8      | Reached XP level 10. HP: 73/73 MP: 11/13
  5900 | D:8      | Reached *** piety under Makhleb
  5933 | D:9      | Reached skill level 5 in Evocations
  5981 | D:9      | Reached skill level 5 in Fighting
  6106 | D:9      | Noticed a two-headed ogre
  6118 | D:9      | Killed a two-headed ogre
  6118 | D:9      | Reached skill level 10 in Axes
  6277 | D:9      | Noticed Pikel
  6337 | D:9      | Killed Pikel
  6337 | D:9      | Reached skill level 5 in Shields
  6452 | D:9      | Found Jyery's Assorted Antiques.
  6476 | D:9      | Bought a scroll labeled GIGUOG MOGIGYTT for 27 gold pieces
  6492 | D:9      | Found a white marble altar of Elyvilon.
  6497 | D:9      | Noticed a two-headed ogre
  6505 | D:9      | Killed a two-headed ogre
  6505 | D:9      | Gained mutation: You are robust. (+10% HP) [demonic
                  | ancestry]
  6505 | D:9      | Reached XP level 11. HP: 42/88 MP: 6/16
  6607 | D:9      | Noticed a centaur warrior
  6621 | D:9      | Killed a centaur warrior
  6627 | D:9      | Got an uncursed transparent long sword {pain}
  6736 | D:9      | Found a staircase to the Orcish Mines.
  6780 | D:9      | Noticed a centaur warrior
  6799 | D:9      | Killed a centaur warrior
  6799 | D:9      | Reached **** piety under Makhleb
  7092 | D:9      | Found Mamp's Magic Scroll Boutique.
  7097 | D:9      | Bought a scroll of blinking for 105 gold pieces
  7101 | D:9      | Identified the +5 long sword "Genwomue" {pain, rN+} (You
                  | took it off a centaur on level 9 of the Dungeon)
  7148 | D:10     | Entered Level 10 of the Dungeon
  7153 | D:10     | Noticed a wizard
  7153 | D:10     | Noticed a two-headed ogre
  7154 | D:10     | Noticed a deep elf mage
  7158 | D:10     | Noticed a deep elf mage
  7163 | D:10     | Cast into level 3 of the Abyss (a wizard)
  7164 | Abyss:3  | Noticed a shambling mangrove
  7164 | Abyss:3  | Noticed a kraken
  7164 | Abyss:3  | Noticed a tentacled monstrosity
  7164 | Abyss:3  | Noticed a ghost crab
  7164 | Abyss:3  | Noticed a tentacled monstrosity
  7168 | Abyss:3  | Slain by a tentacled monstrosity

Vault maps used:
D:1:      sevenhm_arrival_forest_fort_large_4, minmay_close_crescents
D:2:      uniq_robin, uniq_jessica
D:3:      gammafunk_ghost_necromancy
D:4:      nemelex_xobeh_ov_fountains_minmay, temple_doors_e, first_ration,
          nicolae_gozag_seed_capital, uniq_eustachio
D:5:      serial_shops, nicolae_shop_trees, fedhas_altar_3, uniq_menkaure
D:6:      serial_shops, nicolae_shop_temple_entry_statues_fountains,
          uniq_prince_ribbit1, uniq_sigmund, uniq_blork_the_orc
D:7:      uniq_joseph
D:8:      david_lair_shrubbed
D:9:      hiddenorc1_lemuel, basic_altar, serial_shops, shop_fountains, shop,
          the_bakery, nzn_random_ring, uniq_pikel
D:10:     fountainhead, bh_hangedman_babel_library
Temple:   kilobyte_greek_temple
Abyss:3:  bh_silent_lugonu_exit, evilmike_nicolae_abyss_rune_betentacled_crabyss

Skill      XL: |  1  2  3  4  5  6  7  8  9 10 11 |
---------------+----------------------------------+-----
Axes           | 2 3 4 5 6 7 9 10 | 10.8
Shields        | 3 4 5 |  5.3
Armour         | 3 4 5 6 |  6.6
Dodging        | 1 2 3 |  3.0
Evocations     | 1 2 3 4 5 6 |  6.0
Invocations    | 1 3 5 6 7 |  7.2
Fighting       | 4 5 |  5.5
Stealth        | 1 2 |  2.8

Action                   |  1- 3 |  4- 6 |  7- 9 | 10-12 || total
-------------------------+-------+-------+-------+-------++-------
Melee: War axe           |    75 |   199 |    37 |       ||   311
       Headbutt          |       |    10 |    65 |    56 ||   131
       Hand axe          |       |       |   295 |   271 ||   566
Evoke: Wand              |       |     7 |     3 |     5 ||    15
  Use: Potion            |     1 |     3 |     2 |     1 ||     7
       Scroll            |       |       |     6 |     5 ||    11
 Stab: Paralysed         |       |       |       |    12 ||    12
  Eat: Chunk             |       |     5 |    11 |     4 ||    20
       Ration            |       |       |       |     2 ||     2
Armor: Scale mail        |    50 |   143 |    80 |    35 ||   308
       Chain mail        |       |       |       |    61 ||    61
Dodge: Dodged            |    37 |    83 |    77 |    61 ||   258
Block: Shield            |    60 |   105 |   115 |   112 ||   392

Table legend:
 A = Non-vault XP
 B = Vault XP
 C = Vault XP percentage of total XP
 D = Non-vault monster count
 E = Vault monster count
 F = Vault count percentage of total count
                 A         B        C        D         E       F
            +---------+---------+-------+---------+---------+-------
      Total |    8589 |    5350 |  38.4 |     185 |      60 |  24.5
            +---------+---------+-------+---------+---------+-------
        D:1 |      45 |      67 |  59.8 |      24 |      10 |  29.4
        D:2 |      95 |      15 |  13.6 |      25 |       8 |  24.2
        D:3 |     116 |      79 |  40.5 |      20 |       3 |  13.0
        D:4 |     272 |     211 |  43.7 |      14 |       1 |   6.7
        D:5 |     445 |     172 |  27.9 |      20 |       1 |   4.8
        D:6 |    1169 |     585 |  33.4 |      18 |       3 |  14.3
        D:7 |     482 |     423 |  46.7 |      20 |       1 |   4.8
        D:8 |    3136 |     350 |  10.0 |      22 |       1 |   4.3
        D:9 |    2829 |    3448 |  54.9 |      22 |      32 |  59.3
            +---------+---------+-------+---------+---------+-------
